 Dungeon Crawl Stone Soup version 0.27-a0-592-g0306a34022 (webtiles) character file.

Game seed: 15072204184343817046

75 sahdkjhfkaj the Skirmisher (level 4, -2/44 HPs)
             Began as a Palentonga Chaos Knight on Mar 11, 2021.
             Was a Plaything of Xom.
             Slain by a hellwing (6 damage)
             ... summoned by Xom
             ... on level 3 of the Dungeon.
             The game lasted 00:02:33 (2928 turns).

sahdkjhfkaj the Skirmisher (PaCK)                   Turns: 2928, Time: 00:02:34

Health: -2/44      AC:  6    Str: 16    XL:     4   Next: 11%
Magic:  3/3        EV:  9    Int: 10    God:    Xom [......]
Gold:   112        SH:  0    Dex: 10    Spells: 3/3 levels left

rFire    + . .     SeeInvis +   b - +2 falchion (elec)
rCold    . . .     Faith    .   (no shield)
rNeg     . . .     Spirit   .   o - +2 leather armour
rPois    .         Reflect  .   (no helmet)
rElec    .         Harm     .   (no cloak)
rCorr    .         Rampage  .   (no gloves)
Will     .....     Rnd*Tele +   (no barding)
Stlth    +.........             (no amulet)
HPRegen  0.00/turn              (no ring)
MPRegen  0.08/turn              (no ring)

@: no status effects
A: large, rugged brown scales 3, see invisible, deformed body, dopey 1, fire
resistance 1, low mp 1, inhibited regeneration, teleportitis 1, roll 1, armoured
tail
a: Rolling Charge, Renounce Religion


You were on level 3 of the Dungeon.
You worshipped Xom.
You were a very special plaything of Xom.
You visited 1 branch of the dungeon, and saw 3 of its levels.

You collected 112 gold pieces.

Inventory:

Hand Weapons
 a - a +0 mace of chaos
 b - a +2 falchion of electrocution (weapon)
Missiles
 l - 20 poisoned darts
Armour
 c - a +0 buckler
 o - a +2 leather armour (worn)
Scrolls
 e - 7 scrolls of identify {unknown}
 f - a scroll of random uselessness
 g - 2 scrolls of enchant weapon {unknown}
 h - a scroll of fear {unknown}
 j - 3 scrolls of amnesia {unknown}
 k - 2 scrolls of magic mapping {unknown}
Potions
 d - a potion of curing {unknown}
 i - a potion of flight {unknown}
 m - 4 potions of heal wounds {unknown}
 n - a potion of mutation {unknown}
 p - a potion of degeneration {unknown}


   Skills:
 - Level 5.0 Fighting
 - Level 3.0 Maces & Flails
 + Level 0.3(1.8) Staves
 - Level 1.5 Armour
 - Level 0.7 Dodging


You had 3 spell levels left.
You didn't know any spells.
Your spell library was empty.

Dungeon Overview and Level Annotations

Branches:
Dungeon (3/15)

Altars:
Cheibriados
Kikubaaqudgha
Nemelex Xobeh
Okawaru
Trog
The Shining One


Innate Abilities, Weirdness & Mutations

You are completely covered in rugged brown scales. (AC +3, +7% HP)
You have supernaturally acute eyesight. (SInv)
Armour fits poorly on your strangely shaped body.
You can roll at nearby foes to attack.
You have a long armoured tail.
You are dopey. (Int -2)
Your flesh is heat resistant. (rF+)
Your magical capacity is low. (-10% MP)
You do not regenerate when monsters are visible.
You are occasionally teleported next to monsters.


Message History

You hear Xom's maniacal laughter.
You hit the hellwing.
You tail-slap the hellwing, but do no damage.
The hellwing is heavily wounded.
The hellwing hits you. The ynoxinul hits you!
You completely miss the hellwing.
You tail-slap the hellwing, but do no damage.
The hellwing is heavily wounded.
The hellwing hits you.
You hit the hellwing but do no damage.
The hellwing is severely wounded.
The hellwing hits you. The hellwing hits you!
You are too injured to fight recklessly!
You are too injured to fight recklessly!
You are too injured to fight recklessly!
You are too injured to fight recklessly!
You are too injured to fight recklessly!
You are too injured to fight recklessly!
Unknown command.
Unknown command.
Unknown command.
The hellwing swoops through the air toward you!
You riposte.
You closely miss the hellwing.
The hellwing is heavily wounded.
You closely miss the hellwing.
The hellwing is heavily wounded.
The hellwing hits you!
* * * LOW HITPOINT WARNING * * *
The hellwing hits you.
* * * LOW HITPOINT WARNING * * *
The ynoxinul gestures.
The hellwing hits you.
* * * LOW HITPOINT WARNING * * *
Unknown command.
As you read the scroll labelled EWNUDY CIFF, it crumbles to dust.
The dust glows pulsating grey!
It was a scroll of random uselessness.
f - a scroll of random uselessness;
d - a sapphire potion The hellwing hits you.
You die...
Xom yawns loudly!

#.# ####...# #.#....## #.#
##....#.# #......## ##.##
#.###...# ##.......#
###...########.# #..####.........
.........>.....###.....'.........
###...#########.....####.........
.....# ##.#.## ##.......# .##.#.#
#4### ##.....## #. #.#.# #@#
##...## # #.#.# #.# ##'## ..#.#
#5##### #.# .. #.#...# ###.###
#3#.#.### #.....# #45.#...#
#.###.## #.#####.# #.# #...
#...#...# #.###.##
###.#.#####.....#


You could see a hellwing (summoned), a ynoxinul (summoned), a chaos spawn
(summoned) and 2 ufetubi.

Vanquished Creatures
  2 adders (D:2)
  2 dart slugs (D:1)
  A leopard gecko (D:3)
  An orc (D:3)
  10 bats
  3 goblins
  4 hobgoblins
  5 jackals
  7 kobolds
  A ball python (D:1)
  9 frilled lizards
  4 rats
49 creatures vanquished.

Notes
Turn   | Place    | Note
-------+----------+-------------------------------------------
     0 | D:1      | sahdkjhfkaj the Palentonga Chaos Knight began the quest for
                  | the Orb.
     0 | D:1      | Reached XP level 1. HP: 20/20 MP: 1/1
    77 | D:1      | Reached XP level 2. HP: 25/27 MP: 2/2
   216 | D:1      | Reached skill level 4 in Fighting
   338 | D:1      | XOM: divination: detect creatures
   794 | D:2      | Found a faded altar of an unknown god.
   812 | D:2      | Reached XP level 3. HP: 35/35 MP: 3/3
  1552 | D:2      | XOM: cloud trail
  1634 | D:2      | XOM: summons 4 hostile shadow creatures
  1845 | D:2      | XOM: give mutations
  1845 | D:2      | Gained mutation: Your flesh is heat resistant. (rF+) [Xom's
                  | mischief]
  1845 | D:2      | Gained mutation: You are dopey. (Int -2) [Xom's mischief]
  1845 | D:2      | Gained mutation: You do not regenerate when monsters are
                  | visible. [Xom's mischief]
  1845 | D:2      | Gained mutation: Your magical capacity is low. (-10% MP)
                  | [Xom's mischief]
  1889 | D:2      | XOM: give mutation
  1889 | D:2      | Gained mutation: You are occasionally teleported next to
                  | monsters. [Xom's mischief]
  1903 | D:2      | Found an iron altar of Okawaru.
  2168 | D:3      | Found an ancient bone altar of Kikubaaqudgha.
  2257 | D:3      | XOM: silly message
  2303 | D:3      | Found a sparkling altar of Nemelex Xobeh.
  2303 | D:3      | Found a snail-covered altar of Cheibriados.
  2303 | D:3      | Found a glowing golden altar of the Shining One.
  2307 | D:3      | Found a bloodstained altar of Trog.
  2403 | D:3      | Reached XP level 4. HP: 43/43 MP: 3/3
  2464 | D:3      | Reached skill level 5 in Fighting
  2580 | D:3      | XOM: give mutation
  2918 | D:3      | XOM: summons 3 hostile demons
  2919 | D:3      | Noticed a hellwing
  2919 | D:3      | Noticed a chaos spawn
  2919 | D:3      | Noticed a ynoxinul
  2928 | D:3      | Slain by a hellwing

Illustrated notes

Levels and vault maps discovered:
D:1:      amcnicky_arrival_single_pillar, layout_loops_ring, minmay_pentomino_x2
D:2:      layout_loops_corners, okawaru_ov_weapons_minmay,
          chequers_ecumenical_altar_simple_redux
D:3:      layout_loops_corners, grunt_temple_overflow_open,
          kiku_gazebo_garden_becter, lemuel_coloured_pillars_altar

Skill      XL: |  1  2  3  4 |
---------------+-------------+-----
Fighting       | 4 5 |  5.0
Maces & Flails | |  3.0
Staves         | |  0.3
Armour         | |  1.5
Dodging        | |  0.7

Action                   |  1- 3 |  4- 6 || total
-------------------------+-------+-------++-------
Melee: Mace              |   107 |       ||   107
       Tailslap          |     7 |     4 ||    11
       Falchion          |    17 |    15 ||    32
 Abil: Rolling Charge    |     4 |       ||     4
  Use: Scroll            |       |     1 ||     1
 Stab: Confused          |     1 |       ||     1
Armor: Leather armour    |   103 |    14 ||   117
Dodge: Dodged            |   106 |    11 ||   117
       Rpst.: Falchion   |     6 |     2 ||     8

Table legend: (Time is in decaauts)
 A = Elapsed time spent in this place.
 B = Non-inter-level travel time spent in this place.
 C = Inter-level travel time spent in this place.
 D = Time resting spent in this place.
 E = Time spent auto-exploring this place.
 F = Levels seen in this place.
 G = Mean time per level.
                   A        B        C        D        E       F      G
               +--------+--------+--------+--------+--------+-----+--------+
         Total |   2964 |   2896 |     68 |      0 |   2562 |   3 |  988.0 |
       Dungeon |   2964 |   2896 |     68 |      0 |   2562 |   3 |  988.0 |
               +--------+--------+--------+--------+--------+-----+--------+

Top non-repeatable levels by time:
     D:2: 1397 daAuts
     D:1: 796 daAuts
     D:3: 769 daAuts
